Workbook

Sheet Tableau récapitulatif
A1: Budget prévisionnel de l'association et de l'activité
A2: Nom de l'association :
A3: Exercices : décembre 2026 - août 2029
A4: Tableau récapitulatif des recettes et dépenses de l'activité
A5: RECETTES TOTALES 2026 - 2029 | B5: DÉPENSES TOTALES 2026 - 2029 | C5: SOLDE 2026 - 2029
A6: ='Recettes de l''activité'!I89 -> 0 | B6: ='Dépenses de l''activité'!J92 -> 0 | C6: =A6-B6 -> 0
A7: SUBVENTION COCOF 2026 - 2029 | B7: DÉPENSES PRISES EN CHARGE PAR LA COCOF 2026 - 2029 | C7: SOLDE 2026 - 2029
A8: ='Recettes de l''activité'!J89 -> 0 | B8: ='Dépenses de l''activité'!L92 -> 0 | C8: =A8-(B8) -> 0
A10: Tableau récapitulatif des recettes et dépenses de l'association 2026-2027
A11: RECETTES TOTALES 2026 - 2027 | B11: DÉPENSES TOTALES 2026 - 2027 | C11: SOLDE 2026-2027
A12: =SUM('Recettes de l''association'!J89,'Recettes de l''association'!L89) -> 0 | B12: =SUM('Dépenses de l''association'!J90,'Dépenses de l''association'!L90) -> 0 | C12: 0
A14: Il est demandé de remplir l'ensemble des feuilles comprises dans ce fichier (voir les onglets en bas de la feuille), à savoir :
A15: - le présent tableau récapitulatif (il se complète automatiquement selon les données remplies dans les différents onglets)
A16: - les dépenses de l'activité à subventionner,
A17: - les recettes de l'activité à subventionner,
A18: - les dépenses relatives au fonctionnement de l'association dans son ensemble (2026-2027),
A19: - les recettes relatives au fonctionnement de l'association dans son ensemble (2026-2027),

Sheet Dépenses de l'activité
A1: Budget prévisionnel de l'activité
A2: Nom de l'association : | J2: Exercices: | L2: 2026 - 2029
A3: DEPENSES
I4: Montants | J4: Totaux 2026 - 2029 | L4: Proposition de prise en charge par la Cocof
A5: 60/ | B5: 1 | C5: Activités et animation | J5: =SUM(I6:I8) -> 0 | L5: =SUM(L6:L8) -> 0
C6: 1 | D6: Activités (billets d'entrée, etc.)
C7: 2 | D7: Animation (matériel pédagogique, etc.)
C8: 3 | D8: Autre (à préciser)
A10: 61/ | B10: 1 | C10: Location et charges | J10: =SUM(I11:I17) -> 0 | L10: =SUM(L11:L17) -> 0
C11: 1 | D11: Locations permanentes
C12: 2 | D12: Locations ponctuelles
C13: 3 | D13: Charges (eau, gaz, électricité)
C14: 4 | D14: Assurances
C15: 5 | D15: Entretien
C16: 6 | D16: Matériel et produits d'entretien
C17: 7 | D17: Autre (à préciser)
A19: 61/ | B19: 2 | C19: Promotion et de publication | J19: =SUM(I20:I25) -> 0 | L19: =SUM(L20:L25) -> 0
C20: 1 | D20: Frais de réalisation
C21: 2 | D21: Frais d’impression
C22: 3 | D22: Frais de distribution
C23: 4 | D23: Réceptions, relations publiques
C24: 5 | D24: Droits d'auteur
C25: 6 | D25: Autre (à préciser)
A27: 61/ | B27: 3 | C27: Administratif | J27: =SUM(I28:I38) -> 0 | L27: =SUM(L28:L38) -> 0
C28: 1 | D28: Petit matériel
C29: 2 | D29: Petit mobilier de bureau
C30: 3 | D30: Matériel spécifique
C31: 4 | D31: Fournitures et documentation
C32: 5 | D32: Téléphone, fax
C33: 6 | D33: Frais postaux
C34: 7 | D34: Photocopies
C35: 8 | D35: Maintenance
C36: 9 | D36: Frais de gestion, secretariat social
C37: 10 | D37: Assurances
C38: 11 | D38: Autre (à préciser)
A40: 61/ | B40: 4 | C40: Déplacements | J40: =SUM(I41:I46) -> 0 | L40: =SUM(L41:L46) -> 0
C41: 1 | D41: Location ponctuelle
C42: 2 | D42: Carburant
C43: 3 | D43: Assurances, taxes
C44: 4 | D44: Transport public
C45: 5 | D45: Transport privé
C46: 6 | D46: Autre (à préciser)
A48: 61/ | B48: 5 | C48: Sous-traitance, honoraires, etc. | J48: =SUM(I49:I53) -> 0 | L48: =SUM(L49:L54) -> 0
C49: 1 | D49: Honoraires comptables, avocats,…
C50: 2 | D50: Vacataires,…
C51: 3 | D51: Résidences d'artiste
C52: 4 | D52: Défraiement de bénévoles
C53: 5 | D53: Autre (à préciser)
A55: 62/ | B55: 1 | C55: Personnel | J55: =SUM(I58:I61,I63:I66,I68:I75) -> 0 | L55: =SUM(L58:L75) -> 0
C56: Veuillez indiquer les dates d’engagement du personnel subventionné
C57: 1 | D57: Rémunérations brutes
D58: 1 | E58: Personnel d’encadrement
D59: 2 | E59: Personnel d’administration
D60: 3 | E60: Personnel technique
D61: 4 | E61: Autre (à préciser)
C62: 2 | D62: Cotisations patronales d’assurances sociales
D63: 1 | E63: Personnel d’encadrement
D64: 2 | E64: Personnel d’administration
D65: 3 | E65: Personnel technique
D66: 4 | E66: Autre
C67: 3 | D67: Pécules de vacances, primes de fin d’année
D68: 1 | E68: Personnel d’encadrement
D69: 2 | E69: Personnel d’administration
D70: 3 | E70: Personnel technique
D71: 4 | E71: Autre (à préciser)
C72: 4 | D72: Intervention dans le traitement des FBIE, ACS, etc.
C73: 6 | D73: assurance légale
C74: 7 | D74: Médecine du travail
C75: 8 | D75: Vêtements de travail
A78: 63/ | B78: 1 | C78: Investissements (à détailler dans la description de l'activité) | J78: =SUM(I78) -> 0 | L78: 0
A80: 64/ | B80: 1 | C80: Impôts et taxes | J80: =SUM(I81:I85) -> 0 | L80: =SUM(L81:L85) -> 0
C81: 1 | D81: Taxes
C82: 2 | D82: Droits d’enregistrement
C83: 3 | D83: Tva non déductible
C84: 4 | D84: Impôts
C85: 5 | D85: Autre
A87: 65/ | B87: 1 | C87: Charges financières | J87: =SUM(I88:I88) -> 0 | L87: =SUM(L88) -> 0
C88: 1 | D88: Charges financières sur emprunt lié aux délais de subventionnement
A90: 66/ | B90: 1 | C90: Charges exceptionnelles | J90: =SUM(I90) -> 0 | L90: 0
A92: TOTAL DEPENSES ACTIVITE | J92: =SUM(J5,J10,J19,J27,J40,J48,J55,J78,J80,J87,J90) -> 0 | L92: =SUM(L5,L10,L19,L27,L40,L48,L55,L78,L80,L87,L90) -> 0

Sheet Recettes de l'activité
A1: Budget prévisionnel de l'activité
A2: Nom de l'association : | I2: Exercices: | J2: 2026 - 2029
A3: RECETTES
H4: Le subside est-il - en Demande ? (D) - Acquis ? (A) | I4: Montants 2026 - 2029 | J4: Proposition de prise en charge par la Cocof
A5: 70/ | B5: Recettes propres | I5: =SUM(H6:H10) -> 0 | J5: =SUM(J6:J10) -> 0
B6: 1 | C6: Dons
B7: 2 | C7: Sponsors
B8: 3 | C8: Cotisations des membres
B9: 4 | C9: Recettes d'activités
B10: 5 | C10: Autre (à préciser)
A12: 71/ | B12: Conventions | I12: =SUM(H13:H15) -> 0 | J12: =SUM(J13:J15) -> 0
B13: 1 | C13: Fondation Roi Baudouin
B14: 2 | C14: Loterie Nationale
B15: 3 | C15: Autre (à préciser)
A17: 72/ | B17: Subventions de la Commission Communautaire Française | I17: =SUM(H19:H29) -> 0 | J17: =SUM(J19:J29) -> 0
B18: Préciser le(s) programme(s) / Mentionnez également le subside pour lequel cette demande est introduite
B19: 1 | C19: Culture
C20: Social
C21: Parascolaire
C22: Aide aux personnes
C23: handicapées
C24: Santé
C25: Tourisme
C26: Sport
C27: Infrastructure
C28: Enseignement
B29: 2 | C29: Autre (à préciser)
A31: 73/ | B31: Subventions d'autres Pouvoirs Publics | G31: Préciser le(s) programme(s) | I31: =SUM(H33:H80) -> 0 | J31: =SUM(J33:J41,J43:J46,J48:J56,J58:J69,J71:J74,J76:J80) -> 0
B32: 1 | C32: Fédération Wallonie-Bruxelles
C33: 1 | D33: Education Permanente
C34: 2 | D34: Service Jeunesse
C35: 3 | D35: Aide à la Jeunesse
C36: 4 | D36: Secteur santé
C37: 5 | D37: Secteur Femmes
C38: 6 | D38: C.E.C.
C39: 7 | D39: Formations
C40: 8 | D40: F.B.I.
C41: 9 | D41: Autre (à préciser)
B42: 2 | C42: Commune
C43: 1 | D43: En direct
C44: 2 | D44: Via programme
D45: cohabitation/intégration
C46: 3 | D46: Autre (à préciser)
B47: 3 | C47: Région / Actiris
C48: 1 | D48: Convention de
D49: partenariat
C50: 2 | D50: Ex T.C.T.
C51: 3 | D51: Insertion par le logement
C52: 4 | D52: Politique pour
D53: les grandes villes
C54: 5 | D54: Contrats de quartier
C55: 6 | D55: A.C.S.
C56: 7 | D56: Autre (à préciser)
B57: 4 | C57: Fédéral
C58: 1 | D58: Contrat de prévention
C59: 2 | D59: Contrat de sécurité
C60: 3 | D60: F.E.S.C.
C61: 4 | D61: Projets pilotes
D62: de prévention
C63: 5 | D63: F.I.P.I.
C64: 6 | D64: Subsidiation
D65: via l'INAMI
C66: 7 | D66: Maribel
C67: 8 | D67: Politique
D68: pour les grandes villes
C69: 9 | D69: Autre (à préciser)
B70: 5 | C70: Supranational, Union européenne
C71: 1 | D71: Now
C72: 2 | D72: Horizon
C73: 3 | D73: Fonds Social Européen
C74: 4 | D74: Autre (à préciser)
B75: 6 | C75: Autres
C76: 1 | D76: COCOM
C77: 2 | D77: VGC
C78: 3 | D78: Communauté
D79: flamande
C80: 4 | D80: Autre (à préciser)
A82: 74/ | B82: Subsides en capital | I82: =SUM(H83) -> 0 | J82: =SUM(J83) -> 0
C83: Amortissements et investissements
A85: 75/ | B85: Produits financiers | I85: =SUM(H85) -> 0 | J85: 0
A87: 76/ | B87: Produits exceptionnels | I87: =SUM(H87) -> 0 | J87: 0
A89: TOTAL RECETTES ACTIVITE: | I89: =SUM(I5,I12,I17,I31,I82,I85,I87) -> 0 | J89: =SUM(J5,J12,J17,J31,J82,J85,J87) -> 0

Sheet Dépenses de l'association
A1: Budget prévisionnel de l'association
A2: Nom de l'association : | I2: Exercices: | J2: 2026 | L2: 2027
A3: DEPENSES
I4: Montants | K4: Montants
A5: 60/ | B5: 1 | C5: Activités et animation | J5: =SUM(I6:I8) -> 0 | L5: =SUM(K6:K8) -> 0
C6: 1 | D6: Activités (billets d'entrée, etc.)
C7: 2 | D7: Animation (matériel pédagogique, etc.)
C8: 3 | D8: Autre (à préciser)
A10: 61/ | B10: 1 | C10: Location et charges | J10: =SUM(I11:I17) -> 0 | L10: =SUM(K11:K17) -> 0
C11: 1 | D11: Locations permanentes
C12: 2 | D12: Locations ponctuelles
C13: 3 | D13: Charges (eau, gaz, électricité)
C14: 4 | D14: Assurances
C15: 5 | D15: Entretien
C16: 6 | D16: Matériel et produits d'entretien
C17: 7 | D17: Autre (à préciser)
A19: 61/ | B19: 2 | C19: Promotion et publication | J19: =SUM(I20:I25) -> 0 | L19: =SUM(K20:K25) -> 0
C20: 1 | D20: Frais de réalisation
C21: 2 | D21: Frais d’impression
C22: 3 | D22: Frais de distribution
C23: 4 | D23: Réceptions, relations publiques
C24: 5 | D24: Droits d'auteur
C25: 6 | D25: Autre (à préciser)
A27: 61/ | B27: 3 | C27: Administratif | J27: =SUM(I28:I38) -> 0 | L27: =SUM(K28:K38) -> 0
C28: 1 | D28: Petit matériel
C29: 2 | D29: Petit mobilier de bureau
C30: 3 | D30: Matériel spécifique
C31: 4 | D31: Fournitures et documentation
C32: 5 | D32: Téléphone, fax
C33: 6 | D33: Frais postaux
C34: 7 | D34: Photocopies
C35: 8 | D35: Maintenance
C36: 9 | D36: Frais de gestion, secretariat social
C37: 10 | D37: Assurances
C38: 11 | D38: Autre (à préciser)
A40: 61/ | B40: 4 | C40: Déplacements | J40: =SUM(I41:I46) -> 0 | L40: =SUM(K41:K46) -> 0
C41: 1 | D41: Location ponctuelle
C42: 2 | D42: Carburant
C43: 3 | D43: Assurances, taxes
C44: 4 | D44: Transport public
C45: 5 | D45: Transport privé
C46: 6 | D46: Autre (à préciser)
A48: 61/ | B48: 5 | C48: Sous-traitance, honoraires, etc. | J48: =SUM(I49:I53) -> 0 | L48: =SUM(K49:K53) -> 0
C49: 1 | D49: Honoraires comptables, avocats,…
C50: 2 | D50: Vacataires,…
C51: 3 | D51: Résidences d'artiste
C52: 4 | D52: Défraiement de bénévoles
C53: 5 | D53: Autre (à préciser)
A55: 62/ | B55: 1 | C55: Personnel | J55: =SUM(I57:I60,I62:I65,I67:I74) -> 0 | L55: =SUM(K57:K60,K62:K65,K67:K74) -> 0
C56: 1 | D56: Rémunérations brutes
D57: 1 | E57: Personnel d’encadrement
D58: 2 | E58: Personnel d’administration
D59: 3 | E59: Personnel technique
D60: 4 | E60: Autre (à préciser)
C61: 2 | D61: Cotisations patronales d’assurances sociales
D62: 1 | E62: Personnel d’encadrement
D63: 2 | E63: Personnel d’administration
D64: 3 | E64: Personnel technique
D65: 4 | E65: Autre (à préciser)
C66: 3 | D66: Pécules de vacances, primes de fin d’année
D67: 1 | E67: Personnel d’encadrement
D68: 2 | E68: Personnel d’administration
D69: 3 | E69: Personnel technique
D70: 4 | E70: Autre (à préciser)
C71: 4 | D71: Intervention dans le traitement des TCT, FBIE, primes,…
C72: 5 | D72: Assurances légales
C73: 6 | D73: Médecine du travail
C74: 7 | D74: Vêtements de travail
A76: 63/ | B76: 1 | C76: Investissements | J76: =SUM(I76) -> 0 | L76: =SUM(K76) -> 0
A78: 64/ | B78: 1 | C78: Impôts et taxes | J78: =SUM(I79:I83) -> 0 | L78: =SUM(K79:K83) -> 0
C79: 1 | D79: Taxes
C80: 2 | D80: Droits d’enregistrement
C81: 3 | D81: Tva non déductible
C82: 4 | D82: Impôts
C83: 5 | D83: Autre (à préciser)
A85: 65/ | B85: 1 | C85: Charges financières | J85: =SUM(I86:I86) -> 0 | L85: =SUM(K86:K86) -> 0
C86: 1 | D86: Charges financières sur emprunt lié aux délais de subventionnement
A88: 66/ | B88: 1 | C88: Charges exceptionnelles | J88: =SUM(I88) -> 0 | L88: =SUM(K88) -> 0
A90: TOTAL DEPENSES ASSOCIATION: | J90: =SUM(J5,J10,J19,J27,J40,J48,J55,J76,J78,J85,J88) -> 0 | L90: =SUM(L5,L10,L19,L27,L40,L48,L55,L76,L78,L85,L88) -> 0

Sheet Recettes de l'association
A1: Budget prévisionnel de l'association
A2: Nom de l'association : | I2: Exercices: | J2: 2026 | L2: 2027
A3: RECETTES
H4: Le subside est-il - en Demande ? (D) - Acquis ? (A) | I4: Montants | J4: Totaux | K4: Montants | L4: Totaux
A5: 70/ | B5: Recettes propres | J5: =SUM(I6:I11) -> 0 | L5: =SUM(K6:K11) -> 0
B6: 1 | C6: Dons
B7: 2 | C7: Sponsors
B8: 3 | C8: Cotisations des membres
B9: 4 | C9: Recettes d'activités
B10: 5 | C10: Autre (à préciser)
A13: 71/ | B13: Conventions | J13: =SUM(I14:I17) -> 0 | L13: =SUM(K14:K17) -> 0
B14: 1 | C14: Fondation Roi Baudouin
B15: 2 | C15: Loterie Nationale
B16: 3 | C16: Autre (à préciser)
A19: 72/ | B19: Subventions de la Commission Communautaire Française | J19: =SUM(I21:I31) -> 0 | L19: =SUM(K21:K31) -> 0
B20: Préciser le(s) programme(s) / Mentionnez également le subside pour lequel cette demande est introduite
B21: 1 | C21: Culture
C22: Social
C23: Parascolaire
C24: Aide aux personnes handicapées
C25: Santé
C26: Tourisme
C27: Sport
C28: Infrastructure
C29: Enseignement
B30: 2 | C30: Autre (à préciser)
A33: 73/ | B33: Subventions d'autres Pouvoirs Publics | G33: Préciser le(s) programme(s) | J33: =SUM(I35:I43,I45:I48,I50:I58,I60:I70,I72:I75,I77:I80) -> 0 | L33: =SUM(K35:K43,K45:K48,K50:K58,K60:K70,K72:K75,K77:K80) -> 0
B34: 1 | C34: Fédération Wallonie-Bruxelles
C35: 1 | D35: Education Permanente
C36: 2 | D36: Service Jeunesse
C37: 3 | D37: Aide à la Jeunesse
C38: 4 | D38: Secteur santé
C39: 5 | D39: Secteur Femmes
C40: 6 | D40: C.E.C.
C41: 7 | D41: Formations
C42: 8 | D42: F.B.I.
C43: 9 | D43: Autre (à préciser)
B44: 2 | C44: Commune
C45: 1 | D45: En direct
C46: 2 | D46: Via programme
D47: cohabitation/intégration
C48: 3 | D48: Autre (à préciser)
B49: 3 | C49: Région / Actiris
C50: 1 | D50: Convention
D51: de partenariat
C52: 2 | D52: Ex T.C.T.
C53: 3 | D53: Insertion par le logement
C54: 4 | D54: Politique
D55: pour les grandes villes
C56: 5 | D56: Contrats de quartier
C57: 6 | D57: A.C.S.
C58: 7 | D58: Autre (à préciser)
B59: 4 | C59: Fédéral
C60: 1 | D60: Contrat de prévention
C61: 2 | D61: Contrat de sécurité
C62: 3 | D62: F.E.S.C.
C63: 4 | D63: Projets pilotes
D64: de prévention
C65: 5 | D65: F.I.P.I.
C66: 6 | D66: Subsidiation via l'INAMI
C67: 7 | D67: Maribel
C68: 8 | D68: Politique
D69: pour les grandes villes
C70: 9 | D70: Autre (à préciser)
B71: 5 | C71: Supranational, Union européenne
C72: 1 | D72: Now
C73: 2 | D73: Horizon
C74: 3 | D74: Fonds Social Européen
C75: 4 | D75: Autre (à préciser)
B76: 6 | C76: Autres
C77: 1 | D77: COCOM
C78: 2 | D78: VGC
C79: 3 | D79: Communauté flamande
C80: 4 | D80: Autre (à préciser)
A82: 74/ | B82: Subsides en capital | J82: =SUM(I83) -> 0 | L82: =SUM(K83) -> 0
C83: Amortissements et investissements
A85: 75/ | B85: Produits financiers | J85: =SUM(I85) -> 0 | L85: =SUM(K85) -> 0
A87: 76/ | B87: Produits exceptionnels | J87: =SUM(I87) -> 0 | L87: =SUM(K87) -> 0
A89: TOTAL RECETTES ASSOCIATION : | J89: =SUM(J5,J13,J19,J33,J82,J85,J87) -> 0 | L89: =SUM(L5,L13,L19,L33,L82,L85,L87) -> 0
